 Dungeon Crawl Stone Soup version 0.25-a0-265-g7af84ae0ac (webtiles) character file.

Game seed: 10449747131194410301, levelgen mode: deterministic

11874 Nixze the Destroyer (level 11, -12/92 HPs)
             Began as a Pale Draconian Conjurer on Dec 8, 2019.
             Was an Elder of Vehumet.
             Mangled by a komodo dragon (16 damage)
             ... on level 1 of the Lair of Beasts.
             The game lasted 00:50:48 (16590 turns).

Nixze the Destroyer (Pale Draconian Conjurer)      Turns: 16590, Time: 00:50:49

Health: -12/92     AC: 10    Str: 10    XL:     11   Next: 55%
Magic:  10/24      EV: 14    Int: 20    God:    Vehumet [****..]
Gold:   815        SH:  0    Dex: 11    Spells: 2/29 levels left

rFire    + . .     SeeInvis .   s - +9 staff of Wucad Mu {channel}
rCold    x . .     Gourm    .   (no shield)
rNeg     . . .     Faith    .   (armour unavailable)
rPois    +         Spirit   .   K - +1 hat {MR+}
rElec    .         Reflect  .   p - +0 cloak
rCorr    .         Harm     .   g - +0 pair of gloves (curse)
MR       +....                  (no boots)
Stlth    +++.......             (no amulet)
HPRegen  0.25/turn              f - ring of fire
MPRegen  0.19/turn              u - ring of poison resistance

@: hasted, very quick
A: breathe steam, unfitting armour, cold-blooded, AC +7
a: Breathe Steam, Renounce Religion


You were on level 1 of the Lair of Beasts.
You worshipped Vehumet.
Vehumet was greatly pleased with you.
You were hungry.

You visited 2 branches of the dungeon, and saw 12 of its levels.

You collected 815 gold pieces.

Inventory:

Hand Weapons
 m - a +2 dagger of venom
 s - the +9 staff of Wucad Mu (weapon) {channel}
   (You took it off an orc on level 5 of the Dungeon)
 v - a +1 dagger of electrocution
 D - a +2 vampiric falchion
 E - a cursed +0 rapier
Missiles
 y - 5 poisoned darts (quivered)
Armour
 g - a cursed +0 pair of gloves (worn)
 p - a +0 cloak (worn)
 I - a +0 buckler
 K - a +1 hat of magic resistance (worn)
Jewellery
 f - a ring of fire (left hand)
 u - a ring of poison resistance (right hand)
 w - an uncursed ring of fire
 x - an uncursed ring of poison resistance
 C - an uncursed ring of positive energy
 N - an uncursed ring of protection from fire {unknown}
 R - a +2 ring of intelligence {unknown}
Wands
 q - a wand of polymorph (12)
 A - a wand of flame (44)
Scrolls
 d - a scroll of enchant weapon
 e - 6 scrolls of remove curse
 h - a scroll of identify
 i - 2 scrolls of immolation
 k - 3 scrolls of fear
 l - 7 scrolls of teleportation
 r - a scroll of noise
 H - 2 scrolls of magic mapping
 J - 2 scrolls of fog
 L - 3 scrolls of blinking
Potions
 a - 5 potions of curing
 c - a potion of haste
 j - 4 potions of brilliance
 n - a potion of agility
 o - 4 potions of flight
 t - a potion of ambrosia
 z - a potion of heal wounds
 B - 2 potions of berserk rage
 F - a potion of might {unknown}
 M - 2 potions of degeneration {unknown}
 P - a potion of lignification {unknown}
 Q - a potion of resistance {unknown}
Miscellaneous
 G - a lamp of fire
Comestibles
 b - 11 rations


   Skills:
 + Level 7.4 Fighting
 - Level 4.8 Dodging
 - Level 6.5 Stealth
 * Level 0.0 Shields
 * Level 9.9 Spellcasting
 - Level 10.0 Conjurations
 + Level 0.0 Hexes
 - Level 4.0 Translocations
 - Level 5.0 Fire Magic
 * Level 0.0 Ice Magic


You had 2 spell levels left.
You knew the following spells:

 Your Spells              Type           Power        Failure   Level  Hunger
a - Magic Dart            Conj           ####         1%          1    None
b - Searing Ray           Conj           #####.       1%          2    None
c - Iskenderun's Mystic   Conj/Tloc      #####...     1%          4    ##.....
d - Fulminant Prism       Conj/Hex       ####......   2%          4    ##.....
e - Foxfire               Conj/Fire      ####         1%          1    None
f - Sticky Flame          Conj/Fire      ######..     1%          4    ##.....
g - Hailstorm             Conj/Ice       ####....     2%          4    ##.....
h - Iskenderun's Battles  Conj/Chrm      ####....     7%          5    #####..
i - Swiftness             Chrm/Air       #.......     11%         2    None

Your spell library contained the following spells:

 Spells                   Type           Power        Failure   Level  Hunger
 Freeze                   Ice            #...         1%          1    None
 Sandblast                Erth           #.....       1%          1    None
 Shock                    Conj/Air       ####         1%          1    None
 Blink                    Tloc           N/A          1%          2    None
 Confusing Touch          Hex            #.....       7%          1    None
 Call Imp                 Summ           #.......     11%         2    None
 Passwall                 Tmut/Erth      #.......     11%         2    None
 Slow                     Hex            #.......     11%         2    None
 Conjure Flame            Conj/Fire      ######..     1%          3    None
 Dazzling Flash           Conj/Hex       ####..       1%          3    None
 Mephitic Cloud           Conj/Pois/Air  ###.....     1%          3    None
 Static Discharge         Conj/Air       ####....     1%          3    None
 Stone Arrow              Conj/Erth      ####..       1%          3    None
 Gell's Gravitas          Tloc           ####......   4%          3    None
 Lightning Bolt           Conj/Air       ####......   7%          5    #####..
 Airstrike                Air            #.........   17%         4    ##.....
 Confuse                  Hex            #.......     22%         3    None
 Ozocubu's Armour         Chrm/Ice       #.......     22%         3    None
 Lee's Rapid Deconstruct  Erth           #.........   43%         5    #####..
 Yara's Violent Unravell  Hex/Tmut       #.........   43%         5    #####..
 Petrify                  Tmut/Erth      #.......     56%         4    ##.....
 Summon Ice Beast         Ice/Summ       #.......     56%         4    ##.....
 Metabolic Englaciation   Hex/Ice        #.........   89%         5    #####..


Dungeon Overview and Level Annotations

Branches:
Dungeon (10/15)            Temple (0/1) D:5            Lair (2/6) D:9
    Orc (0/2) D:9
  Swamp: Lair:2-4    Shoals: Lair:2-4     Snake: Lair:2-4    Spider: Lair:2-4

Altars:
Cheibriados
Fedhas
Hepliaklqana
Qazlal
Trog
Uskayaw
Vehumet
Xom

Annotations:
D:8 exclusions: obsidian statue and orange crystal statue


Innate Abilities, Weirdness & Mutations

You can breathe blasts of scalding, opaque steam.
Your pale cyan-grey scales are hard. (AC +7)
You cannot fit into any form of body armour.
You are cold-blooded and may be slowed by cold attacks.


Message History

Aiming: Magic Dart (safe; 1% risk of failure)
Press: ? - help, Shift-Dir - straight line, f/p - komodo dragon
Aim: a komodo dragon (heavily wounded)
The magic dart hits the komodo dragon.
The komodo dragon is heavily wounded.
The komodo dragon bites you.
Casting: Magic Dart (safe; 1% risk of failure)
Confirm with . or Enter, or press ? or * to list all spells.
Aiming: Magic Dart (safe; 1% risk of failure)
Press: ? - help, Shift-Dir - straight line, f/p - komodo dragon
Aim: a komodo dragon (heavily wounded)
The magic dart hits the komodo dragon.
The komodo dragon is heavily wounded.
The komodo dragon bites you!! The komodo dragon bites you!!
* * * LOW HITPOINT WARNING * * *
You climb upwards.
There is a stone staircase leading down here.
You feel yourself speed up. The komodo dragon bites you!
You die...

#### ####P.## #### ########
#......# ######..# #.......
#......# #......## ##.......
#......# #..l...# #........
##......# ####.@....# ##.......
.#......####.##......## #.......
.+......##............####.......
#.......#...###......###.+.......
##......+.####.......###.P.......
#.......## ##......##P.........
##......## #..........#.......
#P......# ##........###.......
##......# #P....>.### ##'P###.


You could see a komodo dragon.

Vanquished Creatures
  Gastronok (D:9)
  The ghost of astraldaughter the Magician, a novice DDNe of Makhleb (D:7)
  An ugly thing (D:8)
  Maurice (D:9)
  A komodo dragon (D:10)
  A hippogriff (D:9)
  A spriggan (D:8)
  A wraith (D:10)
  14 yaks
  A steam dragon (D:8)
  2 hungry ghosts
  Duvessa (D:4)
  A water moccasin (D:8)
  5 porcupines
  2 ice beasts
  A black bear (D:9)
  2 orc warriors
  6 ogres
  3 phantoms
  3 sky beasts
  4 centaurs
  5 crocodiles
  2 big kobolds
  12 bullfrogs
  A wyvern skeleton (D:8)
  Dowan (D:4)
  4 scorpions
  6 killer bees (D:10)
  3 howler monkeys
  2 crimson imps
  2 bullfrog zombies
  4 hounds
  A quasit (D:10)
  3 jellies
  4 orc priests
  A bullfrog skeleton (D:6)
  2 centaur skeletons
  2 iguanas (D:6)
  7 orc wizards
  10 worker ants
  A gnoll (D:2)
  A howler monkey skeleton (D:4)
  14 adders
  A shadow imp (D:6)
  2 oozes
  2 adder zombies
  An adder skeleton (D:5)
  7 worms
  6 dart slugs
  7 leopard geckos
  25 orcs
  2 ball pythons
  4 bats
  10 giant cockroaches
  10 goblins
  10 hobgoblins
  6 jackals
  3 quokkas
  7 frilled lizards
  A jackal skeleton (D:7)
  15 kobolds
  A quokka skeleton (D:7)
  12 rats
  A fungus (D:9)
274 creatures vanquished.

Vanquished Creatures (others)
  324 foxfires
  65 fulminant prisms
  5 fungi (D:9)
  A plant (D:9)
395 creatures vanquished.

Grand Total: 669 creatures vanquished

Notes
Turn   | Place    | Note
-------+----------+-------------------------------------------
     0 | D:1      | Nixze the Draconian Conjurer began the quest for the Orb.
     0 | D:1      | Reached XP level 1. HP: 14/14 MP: 3/3
   144 | D:1      | Reached XP level 2. HP: 13/20 MP: 1/5
   710 | D:1      | Reached skill level 5 in Conjurations
   798 | D:1      | Reached XP level 3. HP: 26/26 MP: 3/6
  1155 | D:1      | Learned a level 2 spell: Searing Ray
  1965 | D:2      | Reached XP level 4. HP: 33/33 MP: 0/7
  2341 | D:2      | Found a stormy altar of Qazlal.
  2874 | D:3      | Reached skill level 6 in Conjurations
  2959 | D:3      | Found a radiant altar of Vehumet.
  2965 | D:3      | Became a worshipper of Vehumet
  2982 | D:3      | Learned a level 4 spell: Iskenderun's Mystic Blast
  3054 | D:3      | Noticed an ogre
  3539 | D:3      | Found a snail-covered altar of Cheibriados.
  3826 | D:3      | Reached XP level 5. HP: 38/38 MP: 0/8
  4050 | D:3      | Killed an ogre
  4050 | D:3      | Reached skill level 1 in Translocations
  4431 | D:4      | Noticed a phantom
  4454 | D:4      | Killed a phantom
  4454 | D:4      | Reached XP level 6. HP: 27/45 MP: 0/10
  4669 | D:4      | Noticed Dowan
  4671 | D:4      | Noticed Duvessa
  4735 | D:3      | Reached skill level 7 in Conjurations
  5400 | D:4      | Found a shimmering altar of Xom.
  5511 | D:4      | Your scales start taking on a pale cyan-grey colour.
  5511 | D:4      | Reached XP level 7. HP: 50/50 MP: 5/12
  5587 | D:4      | Learned a level 4 spell: Fulminant Prism
  5723 | D:4      | Reached skill level 1 in Fighting
  5922 | D:5      | Entered Level 5 of the Dungeon
  5946 | D:5      | Reached * piety under Vehumet
  5946 | D:5      | Offered knowledge of Foxfire by Vehumet.
  5973 | D:5      | Learned a level 1 spell: Foxfire
  6315 | D:5      | Found a staircase to the Ecumenical Temple.
  6610 | D:5      | Reached skill level 1 in Fire Magic
  7005 | D:5      | Reached XP level 8. HP: 47/61 MP: 3/14
  8161 | D:7      | Offered knowledge of Freeze by Vehumet.
  8193 | D:7      | Reached ** piety under Vehumet
  8193 | D:7      | Reached skill level 5 in Spellcasting
  8521 | D:7      | Found a blossoming altar of Fedhas.
  8700 | D:7      | Noticed astraldaughter's ghost (novice DDNe)
  8710 | D:7      | Found a runed translucent door.
  8712 | D:7      | Found a hazy altar of Hepliaklqana.
  9375 | D:8      | Reached XP level 9. HP: 54/70 MP: 9/17
  9381 | D:8      | Offered knowledge of Inner Flame by Vehumet.
  9454 | D:8      | Noticed a moth of wrath
  9457 | D:8      | Found a bloodstained altar of Trog.
  9796 | D:8      | Noticed an orange crystal statue
  9814 | D:8      | Found a hide-covered altar of Uskayaw.
  9832 | D:8      | Reached skill level 5 in Fire Magic
  9963 | D:8      | Noticed an obsidian statue
 10046 | D:8      | Reached *** piety under Vehumet
 10385 | D:9      | Reached skill level 8 in Conjurations
 10482 | D:9      | Noticed Maurice
 10645 | D:9      | Reached skill level 5 in Stealth
 10828 | D:9      | Noticed Gastronok
 11017 | D:9      | Noticed a purple ugly thing
 11031 | D:9      | Reached skill level 5 in Fighting
 11031 | D:9      | Reached XP level 10. HP: 67/81 MP: 7/20
 11527 | D:4      | Killed Dowan
 11546 | D:4      | Killed Duvessa
 11765 | D:7      | Killed astraldaughter's ghost
 12266 | D:9      | Offered knowledge of Sticky Flame by Vehumet.
 12284 | D:8      | Killed a purple ugly thing
 12456 | D:9      | Killed Maurice
 13054 | D:9      | Killed Gastronok
 13054 | D:9      | Reached skill level 9 in Conjurations
 13054 | D:9      | Reached XP level 11. HP: 22/91 MP: 2/23
 13316 | D:9      | Found a staircase to the Lair.
 13627 | D:9      | Found a staircase to the Orcish Mines.
 13643 | D:9      | Learned a level 4 spell: Sticky Flame
 13648 | D:9      | Learned a level 4 spell: Hailstorm
 13739 | D:10     | Entered Level 10 of the Dungeon
 13802 | D:10     | Reached **** piety under Vehumet
 14349 | D:10     | Offered knowledge of Iskenderun's Battlesphere by Vehumet.
 14356 | D:10     | Learned a level 5 spell: Iskenderun's Battlesphere
 14359 | D:10     | Learned a level 2 spell: Swiftness
 15599 | Lair:1   | Entered Level 1 of the Lair of Beasts
 16041 | Lair:1   | Reached skill level 10 in Conjurations
 16588 | Lair:2   | HP: 4/92 [komodo dragon (26)]
 16590 | Lair:1   | Mangled by a komodo dragon

Levels and vault maps discovered:
D:1:      mainiacjoe_arrival_reflecting_pool, layout_loops_ring
D:2:      layout_basic, overflow_temple_1_default, minmay_increasing_density
D:3:      layout_basic, vehumet_crystals, kennysheep_slug_shrine, first_ration,
          minmay_quantized
D:4:      layout_rooms, lemuel_crystal_altar, uniq_duvessa
D:5:      layout_basic, minmay_temple_entry_junction
D:6:      layout_loops_ring
D:7:      layout_gridville, fedhas_ov_isle_minmay, lemuel_crystal_altar,
          hellmonk_ghost_happy_afterlife
D:8:      minmay_separated_statues, layout_cave_pools, lemuel_doored_altar,
          grunt_pizzeria, tgw_trog
D:9:      minmay_bloctagon, layout_cave_pools, grunt_lair_entry_orc_guard_hut,
          grunt_ministairs_12, uniq_maurice, uniq_gastronok
D:10:     layout_stronghold, enter_bailey_3
Lair:1:   layout_roguey, serial_bayou_pond_a, grunt_megastairs_5
Lair:2:   layout_roguey, minmay_swamp_entry_reptiles, kennysheep_abandoned_house

Skill      XL: |  1  2  3  4  5  6  7  8  9 10 11 |
---------------+----------------------------------+-----
Conjurations   | 5 6 7 8 9 10 | 10.0
Translocations | 1 2 4 |  4.0
Spellcasting   | 3 4 5 7 8 9 |  9.9
Stealth        | 2 3 5 6 |  6.5
Fighting       | 1 3 5 6 7 |  7.4
Fire Magic     | 1 4 5 |  5.0
Dodging        | 3 4 |  4.8

Action                   |  1- 3 |  4- 6 |  7- 9 | 10-12 || total
-------------------------+-------+-------+-------+-------++-------
Melee: Unarmed           |    17 |       |       |       ||    17
       Tailslap          |     5 |     1 |       |       ||     6
       Club              |     6 |       |       |       ||     6
       Dagger            |       |    21 |     2 |       ||    23
       Staff             |       |       |     3 |     7 ||    10
 Cast: Magic Dart        |    95 |   143 |   234 |   172 ||   644
       Searing Ray       |       |     2 |     5 |     4 ||    11
       Foxfire           |       |       |   136 |    51 ||   187
       Fulminant Prism   |       |       |     3 |    62 ||    65
       Iskenderun's Myst |       |       |     2 |     1 ||     3
       Iskenderun's Batt |       |       |       |     7 ||     7
 Abil: Breathe Steam     |       |       |       |     1 ||     1
Evoke: Wand              |       |       |       |     3 ||     3
       Staff of Wucad Mu |       |       |       |     2 ||     2
  Use: Scroll            |     2 |     6 |     1 |     8 ||    17
       Potion            |       |       |       |     2 ||     2
  Eat: Chunk             |     4 |    13 |    17 |    14 ||    48
       Ration            |       |       |       |     3 ||     3
Armor: Skin              |    11 |    15 |    50 |    44 ||   120
Dodge: Dodged            |    25 |    44 |   116 |    86 ||   271

Table legend:
 A = Non-vault XP
 B = Vault XP
 C = Vault XP percentage of total XP
 D = Non-vault monster count
 E = Vault monster count
 F = Vault count percentage of total count
                 A         B        C        D         E       F
            +---------+---------+-------+---------+---------+-------
      Total |   10253 |    6711 |  39.6 |     221 |      52 |  19.0
            +---------+---------+-------+---------+---------+-------
        D:1 |      57 |       0 |   0.0 |      28 |       0 |   0.0
        D:2 |      59 |      22 |  27.2 |      20 |       6 |  23.1
        D:3 |     369 |      28 |   7.1 |      21 |       4 |  16.0
        D:4 |     480 |     231 |  32.5 |      14 |       2 |  12.5
        D:5 |     533 |       0 |   0.0 |      25 |       0 |   0.0
        D:6 |     270 |       0 |   0.0 |      15 |       0 |   0.0
        D:7 |     767 |     796 |  50.9 |      27 |       1 |   3.6
        D:8 |    1101 |    1051 |  48.8 |      13 |      10 |  43.5
        D:9 |    1512 |    4475 |  74.7 |      17 |      24 |  58.5
       D:10 |    2098 |       7 |   0.3 |      23 |       4 |  14.8
     Lair:1 |    3007 |     101 |   3.2 |      18 |       1 |   5.3
            +---------+---------+-------+---------+---------+-------
